 Dungeon Crawl Stone Soup version 0.25-a0-699-g25a338df49 (webtiles) character file.

Game seed: 12958532124625757295, levelgen mode: deterministic

268 Conn the Firebug (level 6, -1/38 HPs)
             Began as an Octopode Fire Elementalist on Apr 2, 2020.
             Slain by a river rat (8 damage)
             ... in a sewer.
             The game lasted 00:10:39 (4012 turns).

Conn the Firebug (Octopode Fire Elementalist)       Turns: 4012, Time: 00:10:39

Health: -1/38      AC:  1    Str:  9    XL:     6   Next: 21%
Magic:  14/19      EV: 14    Int: 18    God:
Gold:   145        SH:  0    Dex: 12    Spells: 3/11 levels left

rFire    . . .     SeeInvis .   h - +1 dagger (elec)
rCold    . . .     Gourm    .   (no shield)
rNeg     . . .     Faith    .   (helmet restricted)
rPois    .         Spirit   .   (no amulet)
rElec    .         Reflect  .   c - ring of magical power
rCorr    .         Harm     .   (no ring)
MR       .....                  (no ring)
Stlth    ++++......             (no ring)
HPRegen  0.12/turn              (no ring)
MPRegen  0.16/turn              (no ring)
                                (no ring)
                                (no ring)

@: no status effects
A: almost no armour, stealthy swim, amphibious, 8 rings, constrict 8, camouflage
1, gelatinous body 1
a: no special abilities


You were in a sewer.
You were not hungry.

You visited 1 branch of the dungeon, and saw 4 of its levels.
You also visited: Sewer.

You collected 145 gold pieces.

Inventory:

Hand Weapons
 a - a +0 dagger
 h - a +1 dagger of electrocution (weapon)
Missiles
 e - 17 poisoned darts (quivered)
 i - 6 atropa-tipped darts
 m - 23 sling bullets
Jewellery
 c - a ring of magical power (left tentacle)
Scrolls
 f - 2 scrolls of remove curse
 k - a scroll of blinking {unknown}
 l - 2 scrolls of identify
Potions
 j - a potion of ambrosia {unknown}
 n - 2 potions of brilliance {unknown}
Comestibles
 b - 7 rations
 o - 2 chunks of flesh


   Skills:
 + Level 1.2 Fighting
 + Level 1.3 Short Blades
 + Level 0.2 Throwing
 + Level 2.6 Dodging
 + Level 4.0 Stealth
 + Level 3.2 Spellcasting
 + Level 2.3 Conjurations
 + Level 4.2 Fire Magic


You had 3 spell levels left.
You knew the following spells:

 Your Spells              Type           Power        Failure   Level  Hunger
a - Foxfire               Conj/Fire      ##..         4%          1    None
b - Conjure Flame         Conj/Fire      ##......     12%         3    ###....
c - Sticky Flame          Conj/Fire      ##......     38%         4    ####...

Your spell library contained the following spells:

 Spells                   Type           Power        Failure   Level  Hunger
 Inner Flame              Hex/Fire       ##......     21%         3    ###....
 Fireball                 Conj/Fire      ##........   75%         5    ######.


Dungeon Overview and Level Annotations

Branches:
Dungeon (4/15)             Temple (0/1) D:4           Sewer (1/1)

Altars:
Elyvilon
Okawaru
Zin

Annotations:
D:4 Ijyb, Menkaure


Innate Abilities, Weirdness & Mutations

You cannot wear most types of armour.
You are very stealthy in the water. (Stealth+)
You are amphibious.
You can wear up to eight rings at the same time.
You can use your tentacles to constrict eight enemies at once.
Your skin changes colour to match your surroundings (Stealth+).
Your rubbery body absorbs attacks. (AC +1, EV +1)


Message History

* * * LOW HITPOINT WARNING * * *
The foxfire hits the river rat.
You kill the river rat!
The river rat bites you.
* * * LOW HITPOINT WARNING * * *
You feel better.
The river rat bites you but does no damage.
Okay, then.
Casting: Foxfire (safe; 4% risk of failure)
Confirm with . or Enter, or press ? or * to list all spells.
You conjure some foxfire!
The river rat misses you.
The foxfire hits the river rat.
The river rat is moderately wounded.
The foxfire hits the river rat but does no damage.
The river rat is moderately wounded.
The river rat barely misses you.
Casting: Foxfire (safe; 4% risk of failure)
Confirm with . or Enter, or press ? or * to list all spells.
You conjure some foxfire!
The river rat bites you!
You die...

......#####..##...######...#
.....†..##.......#####......
..................##........
..........................(.
≈.......................≈...
≈≈≈≈≈≈≈...............≈≈..≈≈.≈≈≈≈
≈≈≈≈≈≈≈≈≈≈.≈≈.....≈.≈≈÷≈≈≈≈≈≈≈≈≈≈
≈≈≈≈≈≈≈≈≈≈≈≈.≈≈....≈≈≈≈≈≈≈≈≈≈≈≈≈≈
≈≈≈≈≈≈≈≈≈≈≈≈≈≈≈v@≈†≈≈≈≈≈≈≈≈≈≈≈≈≈≈
≈≈≈≈≈≈≈≈≈≈≈≈≈≈≈v≈r≈≈≈≈≈≈÷≈≈≈≈≈≈≈≈
≈≈≈≈≈≈≈≈≈≈≈..≈≈≈≈≈.≈≈≈÷≈≈≈≈≈≈≈≈≈≈
≈≈≈≈≈...≈≈≈.........≈≈..≈.##≈≈≈≈≈
##≈.....##......÷.......÷####.≈
##......####.÷...÷..##÷....##..≈
.....†.....##.......###..........
.....................###.........
...†..###.....####........####.


You could see a river rat.

Vanquished Creatures
  An orc wizard (D:3)
  A worker ant (D:4)
  4 adders
  6 river rats (Sewer)
  An ooze (Sewer)
  3 worms
  A dart slug (D:1)
  6 leopard geckos
  7 orcs
  6 giant cockroaches
  4 goblins
  5 hobgoblins
  11 jackals
  3 quokkas
  9 ball pythons
  3 bats
  6 frilled lizards
  9 kobolds
  A quokka skeleton (D:4)
  20 rats
107 creatures vanquished.

Vanquished Creatures (others)
  231 foxfires
  5 toadstools (D:1)
236 creatures vanquished.

Grand Total: 343 creatures vanquished

Notes
Turn   | Place    | Note
-------+----------+-------------------------------------------
     0 | D:1      | Conn the Octopode Fire Elementalist began the quest for the
                  | Orb.
     0 | D:1      | Reached XP level 1. HP: 11/11 MP: 3/3
   216 | D:1      | Reached XP level 2. HP: 11/17 MP: 0/5
   784 | D:1      | Reached XP level 3. HP: 17/21 MP: 1/6
  1473 | D:2      | Found an iron altar of Okawaru,
  1473 | D:2      | Found a white marble altar of Elyvilon,
  1960 | D:2      | Noticed an angel
  1961 | D:2      | Found a glowing silver altar of Zin,
  2009 | D:2      | Reached XP level 4. HP: 27/27 MP: 7/7
  2186 | D:3      | Reached skill level 1 in Short Blades
  2368 | D:3      | Found a faded altar of an unknown god,
  2423 | D:3      | Reached XP level 5. HP: 11/32 MP: 9/9
  2840 | D:3      | Learned a level 3 spell: Conjure Flame
  2845 | D:3      | Learned a level 4 spell: Sticky Flame
  2958 | D:4      | Noticed Menkaure
  2958 | D:4      | Noticed Ijyb
  3241 | D:4      | Found a staircase to the Ecumenical Temple,
  3249 | D:4      | Found a glowing drain,
  3270 | Sewer    | Entered a sewer
  3587 | Sewer    | Reached skill level 1 in Fighting
  3610 | Sewer    | Reached XP level 6. HP: 33/38 MP: 10/10
  4012 | Sewer    | Slain by a river rat

Levels and vault maps discovered:
D:1:      ldierk_walled_garden, layout_basic
D:2:      layout_loops_corners, zin_angel,
          chequers_temple_overflow_statue_of_worship
D:3:      layout_rooms, chequers_ecumenical_altar_simple
D:4:      layout_basic, minmay_temple_entry_oklob, portal_sewer_entry_f,
          uniq_menkaure, uniq_ijyb
Sewer:    sewer_minmay_treatment

Skill      XL: |  1  2  3  4  5  6 |
---------------+-------------------+-----
Stealth        | 3 4 |  4.0
Short Blades   | 1 |  1.3
Spellcasting   | 3 |  3.2
Conjurations   | 2 |  2.3
Fire Magic     | 4 |  4.2
Fighting       | 1 |  1.2
Throwing       | |  0.2
Dodging        | |  2.6

Action                   |  1- 3 |  4- 6 || total
-------------------------+-------+-------++-------
Melee: Unarmed           |     2 |       ||     2
       Dagger            |     5 |    46 ||    51
       Constrict         |     1 |    13 ||    14
       Tentacles         |       |    12 ||    12
Throw: Dart              |       |     4 ||     4
 Cast: Foxfire           |    66 |    72 ||   138
  Use: Potion            |       |     6 ||     6
       Scroll            |       |     4 ||     4
 Stab: Sleeping          |     1 |     6 ||     7
       Distracted        |       |     1 ||     1
  Eat: Chunk             |     4 |     6 ||    10
Armor: Skin              |     1 |     6 ||     7
Dodge: Dodged            |    33 |    63 ||    96

Table legend:
 A = Non-vault XP
 B = Vault XP
 C = Vault XP percentage of total XP
 D = Non-vault monster count
 E = Vault monster count
 F = Vault count percentage of total count
                 A         B        C        D         E       F
            +---------+---------+-------+---------+---------+-------
      Total |     254 |     130 |  33.9 |      68 |      39 |  36.4
            +---------+---------+-------+---------+---------+-------
        D:1 |      50 |       0 |   0.0 |      27 |       0 |   0.0
        D:2 |      33 |       0 |   0.0 |      16 |       0 |   0.0
        D:3 |     111 |       0 |   0.0 |      17 |       0 |   0.0
        D:4 |      60 |      13 |  17.8 |       8 |       5 |  38.5
      Sewer |       0 |     117 | 100.0 |       0 |      34 | 100.0
            +---------+---------+-------+---------+---------+-------
